 Dungeon Crawl Stone Soup version 0.30-a0-1075-gcd70e7a56d (webtiles) character file.

Game seed: 2478510483450487007

234 juan097 the Stinger (level 5, 0/21 HPs)
             Began as a Felid Venom Mage on Apr 14, 2023.
             Was a Follower of Vehumet.
             Slain by a gnoll
             ... wielding a +0 club
             ... led by a gnoll bouda
              (3 damage)
             ... on level 3 of the Dungeon.
             The game lasted 00:16:00 (5879 turns).

juan097 the Stinger (Felid Venom Mage)              Turns: 5879, Time: 00:16:01

Health: 0/21       AC:  1    Str:  4    XL:     5   Next: 75%
Magic:  10/10      EV: 18    Int: 19    God:    Vehumet [*.....]
Gold:   164        SH:  0    Dex: 16    Spells: 4/10 levels left
                                        Lives:  0   Deaths: 1

rFire   . . .      SeeInvis +    (weapon unavailable)
rCold   . . .      Faith    .    (shield unavailable)
rNeg    . . .      Spirit   .    (body armour unavailable)
rPois   .          Reflect  .    (helmet unavailable)
rElec   .          Rampage  .    (cloak unavailable)
rCorr   .                        (gloves unavailable)
Will    .....                    (boots unavailable)
Stlth   +++                      (no amulet)
HPRegen 0.23/turn                (no ring)
MPRegen 0.12/turn                (no ring)

@: weakened, quick
A: very small, claws 1, fangs 3, see invisible, speed 1, shaggy fur 1, stealthy
paws, no weapons or thrown items, no armour, multi-lived
a: Renounce Religion


You were on level 3 of the Dungeon.
You worshipped Vehumet.
Vehumet was aware of your devotion.
You visited 1 branch of the dungeon, and saw 4 of its levels.

You collected 164 gold pieces.

Inventory:

Jewellery
 k - a +5 ring of evasion
Wands
 o - a wand of paralysis (10)
 q - a wand of flame (23)
Scrolls
 b - a scroll of enchant weapon {unknown}
 c - 4 scrolls of blinking {unknown}
 d - 2 scrolls of brand weapon {unknown}
 e - 3 scrolls of identify {unknown}
 h - a scroll of fog {unknown}
 i - a scroll of immolation {unknown}
 n - a scroll of amnesia {unknown}
 p - a scroll of teleportation {unknown}
Potions
 a - 2 potions of magic
 f - a potion of lignification {unknown}
 g - 3 potions of curing
 j - a potion of degeneration {unknown}
 l - 2 potions of might {unknown}
 m - 2 potions of attraction {unknown}


   Skills:
 + Level 3.3 Dodging
 - Level 4.0 Stealth
 - Level 3.0 Spellcasting
 * Level 1.0 Conjurations
 - Level 2.0 Transmutations
 - Level 3.0 Air Magic
 + Level 4.1 Poison Magic


You had 4 spell levels left.
You knew the following spells:

 Your Spells              Type           Power      Damage    Failure   Level
a - Sting                 Tmut/Pois      56%        1d5       4%          1
b - Poisonous Vapours     Pois/Air       32%        N/A       5%          2
c - Mephitic Cloud        Conj/Pois/Air  13%        N/A       16%         3

Your spell library contained the following spells:

 Spells                   Type           Power      Damage    Failure   Level
 Freeze                   Ice            8%         1d3       16%         1
 Olgreb's Toxic Radiance  Pois           18%        N/A       28%         4
 Dazzling Flash           Conj/Hex       8%         N/A       36%         3
 Volatile Blastmotes      Fire/Tloc      4%         2d10      41%         3
 Iskenderun's Mystic Bla  Conj/Tloc      4%         2d3       77%         4
 Starburst                Conj/Fire      2%         6d3       100%        6


Dungeon Overview and Level Annotations

Branches:
Dungeon (4/15)
 Temple: D:4-7

Altars:
Vehumet

Annotations:
D:3 1 runed translucent door, jimonade's ghost, amateur BaWr
D:4 Eustachio


Innate Abilities, Weirdness & Mutations

You have sharp claws.
You have razor-sharp teeth.
You have supernaturally acute eyesight. (SInv)
You cover ground quickly. (Speed+)
You are covered in fur. (AC +1)
Your paws help you pounce on unaware monsters.
You are incapable of wielding weapons or throwing items.
You cannot wear armour.
You gain extra lives every three experience levels.


Message History

Aim: a gnoll bouda, wielding a +0 whip and wearing a +0 leather armour (lightly wounded, very poisoned) Poisonous vapours surround the gnoll bouda!
The gnoll bouda looks even sicker.
The sting misses the gnoll bouda.
The gnoll bouda gazes fiercely through you!
You feel your attacks grow feeble.
Your attacks no longer feel as feeble.
The gnoll bouda gazes fiercely through you!
You feel your attacks grow feeble.
You kill the gnoll bouda!
Vehumet accepts your kill.
Your Conjurations skill increases to level 1!
Unknown command.
HP restored.
Your attacks no longer feel as feeble.
Magic restored.
Jimonade's ghost turns its malevolent gaze towards you.
There is an open door here.
You see here a +0 dagger.
There is an open door here.
There is a stone staircase leading down here.
You climb downwards.
Level annotation: Eustachio The gnoll bouda shouts!
The gnoll shouts!
The gnoll bouda barks out a call to the hunt!
The gnoll picks up the pace!
The gnoll bouda barely misses you.
There is a stone staircase leading up here.
The gnoll hits you with a +0 flail. The gnoll hits you with a +0 club.
The gnoll bouda gazes fiercely through you!
You feel your attacks grow feeble.
The gnoll bouda hits you with a +0 club!
* * * LOW HITPOINT WARNING * * *
You climb upwards.
Level annotation: 1 runed translucent door, jimonade's ghost, amateur BaWr
There is a stone staircase leading down here.
The gnoll bouda gazes fiercely through you!
You feel as though you will be weak longer.
The gnoll attacks as you move away! The gnoll hits you with a +0 club.
You die...

..# ..# ..# ..# ..# ..# ..# ..##
########### ...#
#######..@......#########
##.#####....##..gg.............#
.......')....'....g............#
.#.#####)..)##.................#
.#.### #......####....#........#
.....# #......####....#........#
...#.# ###............##.....###
####.# #.....###...........# #.#
#.....# #...........#


You could see a gnoll bouda and 2 gnolls.

Vanquished Creatures
  3 gnoll boudas
  An iguana (D:4)
  Ijyb (D:3)
  Robin (D:3)
  7 gnolls
  5 adders
  A worm (D:3)
  5 ball pythons
  2 endoplasms (D:3)
  2 giant cockroaches
  22 goblins
  7 hobgoblins
  6 jackals
  A quokka (D:2)
  8 bats
  A frilled lizard (D:2)
  6 kobolds
  2 rats
81 creatures vanquished.

Notes
Turn   | Place    | Note
-------+----------+-------------------------------------------
     0 | D:1      | juan097 the Felid Venom Mage began the quest for the Orb.
     0 | D:1      | Reached XP level 1. HP: 7/7 MP: 4/4
   411 | D:1      | Reached XP level 2. HP: 7/11 MP: 0/6
   789 | D:1      | Learned a level 2 spell: Poisonous Vapours
  1716 | D:2      | Reached XP level 3. HP: 14/14 MP: 7/7
  1985 | D:2      | Found a radiant altar of Vehumet.
  2068 | D:2      | Reached skill level 1 in Air Magic
  2201 | D:2      | Became a worshipper of Vehumet
  2231 | D:3      | Learned a level 3 spell: Mephitic Cloud
  2559 | D:3      | Noticed Robin
  2567 | D:3      | Reached XP level 4. HP: 18/18 MP: 6/8
  2765 | D:3      | Killed Robin
  3678 | D:3      | Reached XP level 5. HP: 21/21 MP: 3/9
  4086 | D:3      | Reached * piety under Vehumet
  4086 | D:3      | Offered knowledge of Freeze by Vehumet.
  4270 | D:3      | Found a runed translucent door.
  4270 | D:3      | Noticed jimonade's ghost (amateur BaWr)
  4778 | D:4      | Noticed an ogre
  4780 | D:4      | Noticed Eustachio
  4870 | D:4      | Noticed Ijyb
  4942 | D:4      | Noticed an ogre
  4943 | D:4      | Slain by a gnoll
  4944 | D:4      | Reached XP level 4. HP: -2/18 MP: 5/8
  4949 | D:4      | Noticed a phantom
  4954 | D:4      | Reached XP level 5. HP: 21/21 MP: 1/10
  5310 | D:3      | Killed Ijyb
  5747 | D:3      | Reached skill level 1 in Conjurations
  5879 | D:3      | Slain by a gnoll

Illustrated notes

Levels and vault maps discovered:
D:1:      psy_arrival_fountain, layout_basic, serial_bayou_pond_a
D:2:      layout_basic, basic_altar
D:3:      layout_basic, gammafunk_ghost_grave, uniq_robin
D:4:      kennysheep_the_goblin_king, layout_cave_pools,
          chequers_temple_overflow_minitemple, uniq_eustachio

Skill      XL: |  1  2  3  4  5 |
---------------+----------------+-----
Stealth        | 3 4 |  4.0
Poison Magic   | 3 4 |  4.1
Transmutations | 2 |  2.0
Air Magic      | 1 2 3 |  3.0
Spellcasting   | 3 |  3.0
Dodging        | 3 |  3.3
Conjurations   | 1 |  1.0

Action                     |  1- 3 |  4- 6 || total
---------------------------+-------+-------++-------
  Melee: Unarmed           |     2 |    18 ||    20
         Bite              |       |     3 ||     3
   Cast: Sting             |    41 |    46 ||    87
         Poisonous Vapours |    39 |    95 ||   134
         Mephitic Cloud    |       |     2 ||     2
   Stab: Sleeping          |     2 |     1 ||     3
         Confused          |       |     1 ||     1
 Armour: Skin              |     2 |     8 ||    10
  Dodge: Dodged            |    32 |    94 ||   126

Table legend: (Time is in decaauts)
 A = Elapsed time spent in this place.
 B = Non-inter-level travel time spent in this place.
 C = Inter-level travel time spent in this place.
 D = Time resting spent in this place.
 E = Time spent auto-exploring this place.
 F = Levels seen in this place.
 G = Mean time per level.
                   A        B        C        D        E       F      G
               +--------+--------+--------+--------+--------+-----+--------+
         Total |   5352 |   5047 |    305 |    319 |   3824 |   4 | 1338.0 |
       Dungeon |   5352 |   5047 |    305 |    319 |   3824 |   4 | 1338.0 |
               +--------+--------+--------+--------+--------+-----+--------+

Top non-repeatable levels by time:
     D:3: 2950 daAuts
     D:2: 1297 daAuts
     D:1: 946 daAuts
     D:4: 157 daAuts
